Map: Catallena LE (Void)

Players

Winthrowe - Winner!

  • Race: Terran Terran
  • Spawn Location: 12:00

A.I. 1 (Hard)

  • Race: Terran Terran
  • Spawn Location: 5:00

VOD

Have the link to the VOD?

Description

Time

  • Played on: Aug. 16, 2017, 8:50 p.m.
  • Length: 11:09
Show
View Real Time Build Order
Export as new Build Order

Winthrowe Terran - Winner!

Build Orders:  

Get SALT Encoding   

  12  0:02  SCV  
  13  0:32  Supply Depot  
  13  0:58  Command Center  
  13  1:04  Barracks  
  13  1:08  SCV  
  14  1:41  SCV  
  15  1:53  Supply Depot, SCV  
  16  2:02  Refinery  
  16  2:08  Marine  
  17  2:18  Refinery  
  17  2:26  Marine  
  18  2:32  SCV  
  19  2:44  Marine, SCV  
  21  2:51  Orbital Command  
  21  2:56  SCV  
  22  3:02  Marine  
  23  3:08  SCV  
  23  3:12  Engineering Bay  
  24  3:20  Marine, SCV  
  26  3:37  Marine  
  26  3:39  Engineering Bay  
  27  3:44  Terran Infantry Weapons Level 1  
  27  3:55  Marine  
  24  4:30  Barracks  
  24  4:33  Barracks  
  24  4:40  Planetary Fortress  
  24  4:49  SCV  
  25  5:02  SCV  
  26  5:14  SCV  
  27  5:18  Barracks  
  27  5:19  Barracks Reactor  
  27  5:22  Barracks Tech Lab  
  27  5:26  SCV  
  28  5:32  Barracks Reactor  
  28  5:38  SCV  
  29  6:05  Combat Shields  
  29  6:13  Marine x5, Supply Depot  
  34  6:19  Marauder  
  34  6:23  SCV  
  34  6:24  SCV  
  38  6:30  Marine  
  38  6:31  Marine x4  
  43  6:36  Supply Depot  
  43  6:40  Marauder  
  43  6:44  SCV  
  43  6:45  SCV  
  47  6:48  Marine  
  47  6:49  Marine x4  
  52  6:57  SCV x2  
  52  7:00  Supply Depot  
  54  7:02  Marauder  
  54  7:06  Marine x3  
  54  7:07  Marine  
  60  7:09  SCV x2  
  60  7:13  Terran Infantry Armor Level 1  
  62  7:21  SCV x2  
  64  7:23  Supply Depot, Marauder  
  64  7:24  Stimpack  
  66  7:31  Barracks Reactor  
  66  7:32  Factory  
  66  7:33  SCV  
  67  7:40  Marine  
  67  7:41  Marine x3  
  71  7:44  Marauder  
  73  7:58  Marine  
  73  7:59  Marine x3  
  77  8:06  Marauder  
  77  8:09  Marine  
  77  8:10  Marine  
  79  8:16  Marine x4  
  67  8:27  Marine, Marauder  
  67  8:28  Marine  
  67  8:34  Marine x4  
  65  8:45  Marine  
  65  8:46  Marine  
  67  8:49  Marauder  
  67  8:52  Marine x4  
  73  9:00  Armory  
  73  9:03  Marine x2  
  73  9:09  Marine  
  75  9:10  Marine x3, Marauder  
  81  9:21  Marine x2  
  83  9:25  Concussive Shells  
  83  9:27  Marine  
  83  9:28  Marine x3  
  89  9:31  Marauder  
  85  9:39  Marine x2  
  85  9:45  Marine x2  
  83  9:46  Marine x2  
  84  9:53  Marauder  
  84  9:56  Marine  
  84  9:57  Marine  
  86  10:03  Marine x4  
  92  10:14  Marine, Marauder  
  92  10:15  Marine  
  92  10:21  Marine  
  94  10:22  Marine  
  94  10:31  Marine x2  
Show
View Real Time Build Order
Export as new Build Order

A.I. 1 (Hard) Terran 

Build Orders: MMM Bio 

Get SALT Encoding   

  12  0:00  SCV  
  13  0:13  SCV  
  14  0:19  Supply Depot  
  14  0:25  SCV  
  15  0:40  SCV  
  16  0:43  Barracks  
  16  0:50  Refinery  
  16  0:53  SCV  
  17  1:05  SCV  
  18  1:17  SCV  
  19  1:21  Supply Depot  
  19  1:29  SCV  
  19  1:30  Marine  
  21  1:41  Barracks  
  21  1:42  Orbital Command  
  21  1:50  Barracks Tech Lab, Refinery  
  21  2:07  Marine, Supply Depot  
  22  2:25  Marine  
  22  2:27  Marine  
  24  2:43  Marine  
  25  2:45  Marine, Supply Depot  
  26  3:01  Marauder  
  26  3:03  Marine  
  29  3:17  Supply Depot  
  29  3:18  SCV  
  30  3:21  Marine  
  30  3:23  Marine  
  32  3:30  SCV, Engineering Bay  
  33  3:39  Marine  
  34  3:41  Marine  
  34  3:42  SCV  
  36  3:54  SCV  
  37  3:57  Marine  
  37  4:00  Marauder  
  39  4:07  SCV  
  40  4:19  SCV  
  40  4:21  Marauder  
  43  4:31  SCV  
  44  4:42  Marauder  
  46  5:04  Marauder  
  48  5:09  SCV  
  48  6:03  Barracks Tech Lab  
  49  6:04  Terran Infantry Weapons Level 1, Stimpack, Reaper  
  49  6:06  Factory  
  49  6:09  Factory  
  49  6:10  Command Center  
  49  6:13  Supply Depot  
  49  6:14  Missile Turret  
  49  6:16  Missile Turret  
  49  6:20  Barracks  
  49  6:21  Combat Shields  
  49  6:22  Marauder  
  51  6:36  Bunker, Reaper  
  52  6:52  Factory Tech Lab x2  
  52  6:56  Starport  
  52  6:58  Starport  
  52  7:22  SCV  
  53  7:23  SCV, Refinery  
  54  7:31  Missile Turret  
  54  7:33  Missile Turret  
  54  7:34  SCV  
  54  7:35  SCV  
  54  7:36  Sensor Tower  
  56  7:37  Refinery  
  56  7:39  Armory, Concussive Shells, Starport Tech Lab x2  
  56  7:45  Barracks Reactor  
  56  7:46  SCV  
  56  7:47  SCV  
  58  7:54  Bunker  
  58  7:57  Raven  
  58  7:58  Raven, SCV  
  63  7:59  Terran Infantry Armor Level 1, SCV  
  64  8:10  SCV  
  64  8:11  SCV  
  66  8:21  Reaper  
  66  8:22  SCV  
  66  8:23  SCV  
  61  8:27  Marine  
  61  8:34  Marine, SCV  
  57  8:36  SCV  
  57  8:37  Supply Depot  
  57  8:40  Marine  
  59  8:46  SCV  
  59  8:47  Marine  
  59  8:48  SCV  
  62  8:54  Marauder  
  64  8:58  SCV  
  64  8:59  Marine  
  64  9:00  SCV  
  67  9:06  Marine  
  68  9:10  SCV  
  68  9:15  Marauder  
  71  9:19  Marine  
  72  9:25  Reaper  
  73  9:32  Marine  
  73  9:38  Marine, Raven  
  64  9:45  Marine  
  53  9:50  SCV  
  53  9:52  Marine, SCV  
  49  9:57  Raven  
  49  9:58  Marine  
  44  10:02  SCV  
  44  10:05  Marauder  
  44  10:11  Marine  
  32  10:14  SCV  
  32  10:18  Marauder  
  33  10:26  SCV  
  33  10:27  Marauder  
  30  10:31  Marine  
  27  10:37  Marine  
  27  10:38  SCV  
  14  10:52  SCV  
Tags
 
Composition
MMM Bio
Matchup
TvT
Race
Terran
Spawn Locations
Cross Positions
Add a new tag
Caveats
  • Supply blocks, unpowered buildings, or Contaminate may cause inaccurate times.
  • Supply counts are checked every 10 seconds.